| TOP OF THE 1ST |
|
University of Illinois Fighting Illini batting - Pitching for Ohio State University Buckeyes : LHP Jon Ortiz
|
|
Pitching: LHP Jon Ortiz
|
|
|
Batting: RHB Nick Lombardo
|
0-0: Swinging Strike 0-1: Ball 1-1: Ground out 3-1 (Groundball, 34, EV 106.3 MPH)
|
|
Batting: RHB Justin Teague
|
0-0: Ball 1-0: Ball 2-0: Ground out 5-3 (Groundball, 5, EV 93.1 MPH)
|
|
Batting: RHB Eric Brandenburg
|
0-0: Called Strike 0-1: Ball 1-1: Ball 2-1: Fly out, F3 (Flyball, 3D, EV 81.3 MPH)
|
| Top of the 1st over - 0 runs, 0 hits, 0 errors, 0 left on base; University of Illinois 0 - Ohio State University 0 |
| BOTTOM OF THE 1ST |
|
Ohio State University Buckeyes batting - Pitching for University of Illinois Fighting Illini : RHP Adam Householder
|
|
Pitching: RHP Adam Householder
|
|
|
Batting: RHB Xavier Castaneda
|
0-0: Fly out, F8 (Flyball, 89D, EV 110.6 MPH)
|
|
Batting: RHB Aukukero Tairi
|
0-0: Ball 1-0: Ball 2-0: SINGLE (Groundball, 56D, EV 96.3 MPH)
|
|
Batting: RHB Nick Holsinger
|
0-0: Ball 1-0: Ball 2-0: Grounds into double play, 6-4-3 (Groundball, 6S, EV 76.3 MPH)
|
| Bottom of the 1st over - 0 runs, 1 hit, 0 errors, 0 left on base; University of Illinois 0 - Ohio State University 0 |
| TOP OF THE 2ND |
|
University of Illinois Fighting Illini batting - Pitching for Ohio State University Buckeyes : LHP Jon Ortiz
|
|
Batting: SHB Matt Urbani
|
0-0: Foul Ball, location: 2F 0-1: Ball 1-1: Foul Ball, location: 2F 1-2: SINGLE (Groundball, 5S, EV 71.9 MPH) (infield hit)
|
|
Batting: SHB Ryan Buchbinder
|
0-0: Ball 1-0: Ball 2-0: Called Strike 2-1: Foul Ball, location: 2F 2-2: Ball 3-2: Foul Ball, location: 2F 3-2: Foul Ball, location: 2F 3-2: Base on Balls Matt Urbani to second
|
|
Batting: RHB Vinny Torres
|
0-0: Foul Ball, location: 2F 0-1: Foul Ball, location: 2F 0-2: Ball 1-2: Foul Ball, location: 2F 1-2: Foul Ball, location: 2F 1-2: Foul Ball, location: 2F 1-2: Ball 2-2: Ball 3-2: Foul Ball, location: 2F 3-2: Grounds into double play, 4-6-3 (Groundball, P, EV 89.4 MPH) Matt Urbani to third
|
|
Batting: RHB Chris McGuirk
|
0-0: Called Strike 0-1: Ball 1-1: Ground out 4-3 (Groundball, 4, EV 108.1 MPH)
|
| Top of the 2nd over - 0 runs, 1 hit, 0 errors, 1 left on base; University of Illinois 0 - Ohio State University 0 |
| BOTTOM OF THE 2ND |
|
Ohio State University Buckeyes batting - Pitching for University of Illinois Fighting Illini : RHP Adam Householder
|
|
Batting: RHB Joey Black
|
0-0: Fly out, F9 (Flyball, 9S, EV 90.6 MPH)
|
|
Batting: RHB Rick English
|
0-0: Ball 1-0: Ball 2-0: Fly out, F7 (Flyball, 7LM, EV 90.6 MPH)
|
|
Batting: RHB Dan Muse
|
0-0: Foul Ball, location: 2F 0-1: Ball 1-1: Ball 2-1: Ball 3-1: Called Strike 3-2: Foul Ball, location: 2F 3-2: Foul Ball, location: 2F 3-2: Foul Ball, location: 2F 3-2: Foul Ball, location: 2F 3-2: Base on Balls
|
|
Batting: LHB Alex Rivera
|
0-0: Ball 1-0: Foul Ball, location: 2F 1-1: Fly out, F8 (Flyball, 8LXD, EV 110.6 MPH)
|
| Bottom of the 2nd over - 0 runs, 0 hits, 0 errors, 1 left on base; University of Illinois 0 - Ohio State University 0 |
| TOP OF THE 3RD |
|
University of Illinois Fighting Illini batting - Pitching for Ohio State University Buckeyes : LHP Jon Ortiz
|
|
Batting: RHB Raul Franco
|
0-0: Called Strike 0-1: Ball 1-1: Ball 2-1: Foul Ball, location: 2F 2-2: Ball 3-2: Base on Balls
|
|
Batting: RHB Tim Jobe
|
0-0: Fly out, F7 (Flyball, 7, EV 86.9 MPH)
|
|
Batting: RHB Nick Lombardo
|
0-0: Ball 1-0: Ball 2-0: SINGLE (Groundball, 6S, EV 71.9 MPH) (infield hit) Raul Franco to second
|
|
Batting: RHB Justin Teague
|
0-0: Ball 1-0: Ball 2-0: Called Strike Raul Franco is caught stealing 3rd base 2-5 Nick Lombardo to second 2-1: Fly out, F3 (Popup, 3, EV 61.9 MPH)
|
| Top of the 3rd over - 0 runs, 1 hit, 0 errors, 1 left on base; University of Illinois 0 - Ohio State University 0 |
| BOTTOM OF THE 3RD |
|
Ohio State University Buckeyes batting - Pitching for University of Illinois Fighting Illini : RHP Adam Householder
|
|
Batting: RHB Rafael Reyes
|
0-0: Ball 1-0: Fly out, F9 (Flyball, 9S, EV 86.3 MPH)
|
|
Batting: RHB Aaron Bateman
|
0-0: Swinging Strike 0-1: Fly out, F9 (Line Drive, 9D, EV 90.0 MPH)
|
|
Batting: RHB Xavier Castaneda
|
0-0: Swinging Strike 0-1: Ball 1-1: Ball 2-1: Ball 3-1: Fly out, F7 (Flyball, 7, EV 92.5 MPH)
|
| Bottom of the 3rd over - 0 runs, 0 hits, 0 errors, 0 left on base; University of Illinois 0 - Ohio State University 0 |
| TOP OF THE 4TH |
|
University of Illinois Fighting Illini batting - Pitching for Ohio State University Buckeyes : LHP Jon Ortiz
|
|
Batting: RHB Eric Brandenburg
|
0-0: Called Strike 0-1: Ground out 6-3 (Groundball, 6, EV 85.0 MPH)
|
|
Batting: SHB Matt Urbani
|
0-0: Ball 1-0: Swinging Strike 1-1: Foul Ball, location: 2F 1-2: Ball 2-2: Ball 3-2: Hit by Pitch
|
|
Batting: SHB Ryan Buchbinder
|
0-0: Ball 1-0: Called Strike 1-1: Foul Ball, location: 2F 1-2: Ball 2-2: Ball 3-2: Base on Balls Matt Urbani to second
|
|
Batting: RHB Vinny Torres
|
0-0: Ball 1-0: Foul Ball, location: 2F 1-1: Called Strike 1-2: Ball 2-2: Ground out 5-3 (Groundball, 5S, EV 77.5 MPH) Matt Urbani to third Ryan Buchbinder to second
|
|
Batting: RHB Chris McGuirk
|
0-0: Called Strike 0-1: Ball Wild Pitch! Matt Urbani scores Ryan Buchbinder to third 1-1: Ball 2-1: Ball 3-1: Foul Ball, location: 2F 3-2: Foul Ball, location: 2F 3-2: Base on Balls
|
|
Pitching: RHP Jim Sawicki
|
|
|
Batting: RHB Raul Franco
|
0-0: Ball 1-0: Foul Ball, location: 2F 1-1: Called Strike 1-2: Foul Ball, location: 2F 1-2: Foul Ball, location: 2F 1-2: Foul Ball, location: 2F 1-2: Fielders Choice at 2nd, 5-4 (Groundball, 5, EV 80.6 MPH)
|
| Top of the 4th over - 1 run, 0 hits, 0 errors, 2 left on base; University of Illinois 1 - Ohio State University 0 |
| BOTTOM OF THE 4TH |
|
Ohio State University Buckeyes batting - Pitching for University of Illinois Fighting Illini : RHP Adam Householder
|
|
Batting: RHB Aukukero Tairi
|
0-0: Swinging Strike 0-1: Fly out, F7 (Flyball, 7, EV 90.6 MPH)
|
|
Batting: RHB Nick Holsinger
|
0-0: Ball 1-0: Ball 2-0: Ball 3-0: Base on Balls
|
|
Batting: RHB Joey Black
|
0-0: Ball 1-0: Ball 2-0: Foul Ball, location: 2F 2-1: Foul Ball, location: 2F 2-2: Foul Ball, location: 2F 2-2: Foul Ball, location: 2F 2-2: Ball 3-2: Foul Ball, location: 2F 3-2: Base on Balls Nick Holsinger to second
|
|
Batting: RHB Rick English
|
0-0: Ball 1-0: Foul Ball, location: 2F 1-1: Ball 2-1: Ball 3-1: Fly out, F3 (Popup, 23F, EV 93.1 MPH)
|
|
Batting: RHB Dan Muse
|
0-0: Fielders Choice at 2nd, 6-4 (Groundball, 6, EV 108.1 MPH)
|
| Bottom of the 4th over - 0 runs, 0 hits, 0 errors, 2 left on base; University of Illinois 1 - Ohio State University 0 |
| TOP OF THE 5TH |
|
University of Illinois Fighting Illini batting - Pitching for Ohio State University Buckeyes : RHP Jim Sawicki
|
|
Batting: RHB Tim Jobe
|
0-0: Called Strike 0-1: SINGLE (Flyball, 78S, EV 90.0 MPH)
|
|
Batting: RHB Nick Lombardo
|
0-0: Ball 1-0: Swinging Strike 1-1: Fly out, F9 (Flyball, 89D, EV 88.8 MPH)
|
|
Batting: RHB Justin Teague
|
0-0: Foul Ball, location: 2F 0-1: Ball 1-1: Called Strike 1-2: Fielders Choice at 2nd, 5-4 (Groundball, 56, EV 93.8 MPH)
|
|
Batting: RHB Eric Brandenburg
|
0-0: Foul Ball, location: 2F 0-1: Ball 1-1: Swinging Strike 1-2: Ball 2-2: Foul Ball, location: 2F 2-2: Foul Ball, location: 2F 2-2: Ball 3-2: Fly out, F8 (Flyball, 89M, EV 85.0 MPH)
|
| Top of the 5th over - 0 runs, 1 hit, 0 errors, 1 left on base; University of Illinois 1 - Ohio State University 0 |
| BOTTOM OF THE 5TH |
|
Ohio State University Buckeyes batting - Pitching for University of Illinois Fighting Illini : RHP Adam Householder
|
|
Batting: LHB Alex Rivera
|
0-0: Ball 1-0: Ball 2-0: Ball 3-0: Called Strike 3-1: Swinging Strike 3-2: Foul Ball, location: 2F 3-2: Strikes out swinging
|
|
Batting: RHB Rafael Reyes
|
0-0: Ball 1-0: Ball 2-0: Called Strike 2-1: Ball 3-1: Base on Balls
|
|
Pitching: LHP Richard Davies
|
|
|
Batting: RHB Aaron Bateman
|
0-0: Called Strike 0-1: Ball 1-1: Called Strike 1-2: Ball 2-2: Strikes out swinging
|
|
Batting: RHB Xavier Castaneda
|
0-0: Called Strike Rafael Reyes steals 2nd base 0-1: Foul Ball, location: 2F 0-2: Ball 1-2: Ball 2-2: Foul Ball, location: 2F 2-2: Ball 3-2: Strikes out swinging
|
| Bottom of the 5th over - 0 runs, 0 hits, 0 errors, 1 left on base; University of Illinois 1 - Ohio State University 0 |
| TOP OF THE 6TH |
|
University of Illinois Fighting Illini batting - Pitching for Ohio State University Buckeyes : RHP Jim Sawicki
|
|
Batting: SHB Matt Urbani
|
0-0: Ground out 4-3 (Groundball, 4, EV 80.0 MPH)
|
|
Batting: SHB Ryan Buchbinder
|
0-0: Ball 1-0: Swinging Strike 1-1: Ground out 6-3 (Groundball, 6, EV 91.3 MPH)
|
|
Batting: RHB Vinny Torres
|
0-0: Ball 1-0: Ball 2-0: Fly out, F7 (Line Drive, 7, EV 103.1 MPH)
|
| Top of the 6th over - 0 runs, 0 hits, 0 errors, 0 left on base; University of Illinois 1 - Ohio State University 0 |
| BOTTOM OF THE 6TH |
|
Ohio State University Buckeyes batting - Pitching for University of Illinois Fighting Illini : LHP Richard Davies
|
|
Batting: RHB Aukukero Tairi
|
0-0: Ground out 5-3 (Groundball, 56S, EV 81.9 MPH)
|
|
Batting: RHB Nick Holsinger
|
0-0: Called Strike 0-1: SINGLE (Groundball, 56D, EV 98.1 MPH)
|
|
Batting: RHB Joey Black
|
0-0: Called Strike 0-1: Ball 1-1: Ball 2-1: Fly out, F8 (Flyball, 8RS, EV 83.1 MPH)
|
|
Batting: RHB Rick English
|
0-0: Ball 1-0: Ball 2-0: Foul Ball, location: 2F 2-1: Called Strike 2-2: Hit by Pitch Nick Holsinger to second
|
|
Pitching: RHP Lazaro Vasquez
|
|
|
Batting: RHB Dan Muse
|
0-0: Ball 1-0: Foul Ball, location: 2F 1-1: Foul Ball, location: 2F 1-2: Ball 2-2: Ball Wild Pitch! Nick Holsinger to third Rick English to second 3-2: SINGLE (Groundball, 4MD, EV 105.6 MPH) Nick Holsinger scores Rick English to third Runner from 3rd tries for Home, SAFE, throw by CF to home Dan Muse to second
|
|
Batting: LHB Alex Rivera
|
0-0: Ball Wild Pitch! Dan Muse to third 1-0: Foul Ball, location: 2F 1-1: Ball 2-1: 2-RUN HOME RUN (Flyball, 9D, EV 104.4 MPH), Distance : 371 ft
|
|
Batting: RHB Rafael Reyes
|
0-0: Ball 1-0: Ball 2-0: Ground out U3 (Groundball, 34S, EV 83.1 MPH)
|
| Bottom of the 6th over - 4 runs, 3 hits, 0 errors, 0 left on base; University of Illinois 1 - Ohio State University 4 |
| TOP OF THE 7TH |
|
University of Illinois Fighting Illini batting - Pitching for Ohio State University Buckeyes : RHP Jim Sawicki
|
|
Pitching: RHP Outa Tamura
|
|
|
Batting: RHB Chris McGuirk
|
0-0: Called Strike 0-1: Ball 1-1: Ball 2-1: Foul Ball, location: 2F 2-2: Foul Ball, location: 2F 2-2: Foul Ball, location: 2F 2-2: Foul Ball, location: 2F 2-2: Foul Ball, location: 2F 2-2: Ball 3-2: Foul Ball, location: 2F 3-2: Fly out, F5 (Flyball, 5D, EV 93.1 MPH)
|
|
Batting: RHB Raul Franco
|
0-0: Ground out 6-3 (Groundball, 6, EV 77.5 MPH)
|
|
Batting: RHB Tim Jobe
|
0-0: Called Strike 0-1: Ball 1-1: Swinging Strike 1-2: Foul Ball, location: 2F 1-2: Foul Ball, location: 2F 1-2: Ground out U3 (Groundball, 3, EV 103.1 MPH)
|
| Top of the 7th over - 0 runs, 0 hits, 0 errors, 0 left on base; University of Illinois 1 - Ohio State University 4 |
| BOTTOM OF THE 7TH |
|
Ohio State University Buckeyes batting - Pitching for University of Illinois Fighting Illini : RHP Lazaro Vasquez
|
|
Batting: RHB Aaron Bateman
|
0-0: Ball 1-0: SINGLE (Flyball, 78S, EV 81.9 MPH)
|
|
Batting: RHB Xavier Castaneda
|
0-0: Ball 1-0: Ball 2-0: SINGLE (Line Drive, 78S, EV 93.8 MPH) Aaron Bateman to second
|
|
Batting: RHB Aukukero Tairi
|
0-0: Called Strike 0-1: DOUBLE (Line Drive, 9LM, EV 113.8 MPH) Aaron Bateman scores Xavier Castaneda to third
|
|
Pitching: RHP Leon Gadsden
|
|
|
Batting: RHB Nick Holsinger
|
0-0: Swinging Strike 0-1: Fly out, F9 (Flyball, 9, EV 94.4 MPH) Runner from 3rd tags up, SCORES, throw by RF Aukukero Tairi to third
|
|
Batting: RHB Joey Black
|
0-0: Called Strike 0-1: Foul Ball, location: 2F 0-2: Ball 1-2: Foul Ball, location: 2F 1-2: Foul Ball, location: 2F 1-2: Foul Ball, location: 2F 1-2: Strikes out looking
|
|
Batting: RHB Rick English
|
0-0: SINGLE (Line Drive, 34D, EV 95.6 MPH) Aukukero Tairi scores
|
|
Batting: RHB Dan Muse
|
0-0: Called Strike 0-1: Foul Ball, location: 2F 0-2: Ball Wild Pitch! Rick English to second 1-2: Strikes out swinging
|
| Bottom of the 7th over - 3 runs, 4 hits, 0 errors, 1 left on base; University of Illinois 1 - Ohio State University 7 |
| TOP OF THE 8TH |
|
University of Illinois Fighting Illini batting - Pitching for Ohio State University Buckeyes : RHP Outa Tamura
|
|
Batting: RHB Nick Lombardo
|
0-0: Foul Ball, location: 2F 0-1: Ground out 6-3 (Groundball, 6, EV 91.3 MPH)
|
|
Batting: RHB Justin Teague
|
0-0: Called Strike 0-1: Ground out 5-3 (Groundball, 56, EV 76.3 MPH)
|
|
Batting: RHB Eric Brandenburg
|
0-0: Ball 1-0: Ball 2-0: Ground out 4-3 (Groundball, 4MS, EV 73.1 MPH)
|
| Top of the 8th over - 0 runs, 0 hits, 0 errors, 0 left on base; University of Illinois 1 - Ohio State University 7 |
| BOTTOM OF THE 8TH |
|
Ohio State University Buckeyes batting - Pitching for University of Illinois Fighting Illini : RHP Leon Gadsden
|
|
Batting: LHB Alex Rivera
|
0-0: Ball 1-0: Called Strike 1-1: Called Strike 1-2: SOLO HOME RUN (Flyball, 9D, EV 94.4 MPH), Distance : 375 ft
|
|
Batting: RHB Rafael Reyes
|
0-0: Fly out, F9 (Flyball, 9D, EV 91.3 MPH)
|
|
Batting: RHB Aaron Bateman
|
0-0: Ball 1-0: Ball 2-0: Ball 3-0: Foul Ball, location: 2F 3-1: Base on Balls
|
|
Batting: RHB Xavier Castaneda
|
0-0: Ball 1-0: Ball 2-0: Foul Ball, location: 2F 2-1: Called Strike 2-2: SINGLE (Line Drive, 8RS, EV 98.1 MPH) Aaron Bateman to second
|
|
Batting: RHB Aukukero Tairi
|
0-0: Ball 1-0: Called Strike 1-1: Ball 2-1: Ball 3-1: Base on Balls Aaron Bateman to third Xavier Castaneda to second
|
|
Batting: RHB Nick Holsinger
|
0-0: Ball 1-0: Called Strike 1-1: Called Strike 1-2: GRAND SLAM HOME RUN (Flyball, 78XD, EV 108.8 MPH), Distance : 422 ft
|
|
Pitching: RHP Kyle Storey
|
|
|
Batting: RHB Joey Black
|
0-0: Ball 1-0: Called Strike 1-1: Ball 2-1: Ball 3-1: Base on Balls
|
|
Batting: RHB Rick English
|
0-0: Ball 1-0: Called Strike 1-1: Called Strike 1-2: Ball 2-2: Ball 3-2: Base on Balls Joey Black to second
|
|
Batting: RHB Dan Muse
|
0-0: Called Strike 0-1: Ball 1-1: Ball 2-1: Ball 3-1: Base on Balls Joey Black to third Rick English to second
|
|
Batting: LHB Alex Rivera
|
0-0: Swinging Strike 0-1: Fly out, F9 (Flyball, 9S, EV 87.5 MPH)
|
|
Batting: RHB Rafael Reyes
|
0-0: Ball Wild Pitch! Joey Black scores Rick English to third Dan Muse to second 1-0: Ball 2-0: Ball 3-0: Called Strike 3-1: Foul Ball, location: 2F 3-2: DOUBLE (Line Drive, 9LM, EV 97.5 MPH) Rick English scores Dan Muse scores
|
|
Batting: RHB Aaron Bateman
|
0-0: SINGLE (Line Drive, 78S, EV 111.3 MPH) Rafael Reyes to third Runner from 3rd tries for Home, SAFE, throw by LF to home
|
|
Pitching: RHP Nick Delisle
|
|
|
Batting: RHB Xavier Castaneda
|
0-0: Called Strike 0-1: Ball 1-1: SINGLE (Groundball, 6D, EV 97.5 MPH) Aaron Bateman to second
|
|
Batting: RHB Aukukero Tairi
|
0-0: Ball 1-0: Ball 2-0: Called Strike 2-1: Ground out 5-3 (Groundball, 5S, EV 68.1 MPH)
|
| Bottom of the 8th over - 9 runs, 6 hits, 0 errors, 2 left on base; University of Illinois 1 - Ohio State University 16 |
| TOP OF THE 9TH |
|
University of Illinois Fighting Illini batting - Pitching for Ohio State University Buckeyes : RHP Outa Tamura
|
|
Batting: SHB Matt Urbani
|
0-0: Foul Ball, location: 2F 0-1: Ball 1-1: Called Strike 1-2: Ball 2-2: Strikes out looking
|
|
Batting: SHB Ryan Buchbinder
|
0-0: Ball 1-0: Called Strike 1-1: Ball 2-1: Ground out 1-3 (Groundball, 15S, EV 69.4 MPH)
|
|
Batting: RHB Vinny Torres
|
0-0: Ball 1-0: Foul Ball, location: 2F 1-1: Ball 2-1: Foul Ball, location: 2F 2-2: Strikes out swinging
|
| Top of the 9th over - 0 runs, 0 hits, 0 errors, 0 left on base; University of Illinois 1 - Ohio State University 16 |
|